 Dungeon Crawl Stone Soup version 0.21-a0-442-g848f44b (webtiles) character file.

2863 theanonym the Grappler (level 9, -5/80 HPs)
             Began as a Troll Monk on Nov 15, 2017.
             Slain by a hornet (17 damage)
             ... on level 6 of the Dungeon.
             The game lasted 00:08:51 (4922 turns).

theanonym the Grappler (Troll Monk)                 Turns: 4922, Time: 00:08:52

Health: -5/80      AC:  6    Str: 24    XL:     9   Next: 47%
Magic:  8/8        EV: 10    Int:  6    God:
Gold:   46         SH:  0    Dex: 12    Spells: 8/8 levels left

rFire    . . .     SeeInvis .     - Unarmed
rCold    + . .     Gourm    +   (no shield)
rNeg     . . .     Faith    .   u - +1 robe {rC+}
rPois    +         Spirit   .   (helmet restricted)
rElec    .         Reflect  .   (no cloak)
rCorr    .         Harm     .   (gloves unavailable)
MR       .....                  (boots unavailable)
Stlth    ++........             (no amulet)
HPRegen  0.63/turn              h - ring of poison resistance {rPois}
MPRegen  0.11/turn              (no ring)

@: about to teleport
A: unfitting armour, claws 3, fast metabolism 3, gourmand, regeneration 1,
shaggy fur 1, tough skin 2
a: no special abilities


Innate Abilities, Weirdness & Mutations

You are too large for most types of armour.
You have claws for hands.
Your metabolism is lightning-fast.
You like to eat raw meat.
Your natural rate of healing is unusually fast.
You are covered in fur. (AC +1)
You have very tough skin. (AC +2)


   Skills:
 - Level 2.4 Fighting
 - Level 2.4 Dodging
 - Level 1.0 Stealth
 + Level 13.0 Unarmed Combat


You had 8 spell levels left.
You didn't know any spells.

Skill      XL: |  1  2  3  4  5  6  7  8  9 |
---------------+----------------------------+-----
Unarmed Combat | 4 6 8 9 11 13 | 13.0
Fighting       | |  2.4
Dodging        | |  2.4
Stealth        | |  1.0

Action                   |  1- 3 |  4- 6 |  7- 9 || total
-------------------------+-------+-------+-------++-------
Melee: Unarmed           |    96 |    62 |   210 ||   368
       Punch             |     1 |     1 |    13 ||    15
Throw: Stone             |       |       |    25 ||    25
Evoke: Wand              |       |       |     3 ||     3
  Use: Potion            |       |       |     5 ||     5
       Scroll            |       |       |     4 ||     4
 Stab: Sleeping          |     6 |     2 |     6 ||    14
       Distracted        |       |       |     1 ||     1
  Eat: Chunk             |    15 |     6 |    29 ||    50
Armor: Robe              |    31 |    17 |    55 ||   103
Dodge: Dodged            |    41 |    23 |    95 ||   159

Inventory:

Missiles
 i - 228 stones (quivered)
 y - 2 tomahawks
Armour
 a - a +0 robe
 u - a +1 robe of cold resistance (worn)
   (You found it on level 5 of the Dungeon)
Jewellery
 h - a ring of poison resistance (left claw) {rPois}
   (You found it on level 1 of the Dungeon)
Wands
 p - a wand of iceblast (6/15)
   (You found it on level 3 of the Dungeon)
 x - a wand of lightning (0/15)
   (You took it off Ijyb on level 5 of the Dungeon)
Scrolls
 c - a scroll of noise {unknown}
 e - a scroll of magic mapping {unknown}
 k - a scroll of enchant weapon {unknown}
 l - 2 scrolls of enchant armour {unknown}
 r - 3 scrolls of identify
 s - a scroll of immolation {unknown}
 t - a scroll of teleportation {!r}
 v - 2 scrolls of remove curse
 z - a scroll of fear {unknown}
Potions
 d - 4 potions of brilliance
 g - a potion of degeneration {unknown}
 j - a potion of curing
 m - a potion of lignification {unknown}
 o - a potion of haste {unknown}
 A - a potion of cancellation {unknown}
Comestibles
 b - 4 bread rations
 f - 4 fruits
 n - 2 meat rations

Dungeon Overview and Level Annotations

Branches:
Dungeon (7/15)             Temple (1/1) D:5

Altars:
Ashenzari
Cheibriados
Elyvilon
Fedhas
Gozag
Hepliaklqana
Kikubaaqudgha
Makhleb
Nemelex Xobeh
Okawaru
Ru
Trog
Uskayaw
Wu Jian
Xom
Yredelemnul
Zin
The Shining One

Shops:
D:4 *   D:6 !

Annotations:
D:2 exclusion: oklob plant


You were on level 6 of the Dungeon.
You were very full.

You visited 2 branches of the dungeon, and saw 8 of its levels.

You collected 228 gold pieces.
You spent 182 gold pieces at shops.


Message History

Found two stone staircases leading down and a stone staircase leading up.
There is a stone staircase leading up here.
As you read the scroll labeled JIUXOZ BIFAO, it crumbles to dust.
It is a scroll of identify.
j - 2 potions of curing;
r - 5 scrolls of identify;
g - an inky potion
As you read the scroll of identify, it crumbles to dust.
v - 2 scrolls of remove curse
As you read the scroll of identify, it crumbles to dust.
d - 4 potions of brilliance The shadow imp hits you.
You take 2 damage, and have 78/80 hp.
You barely miss the shadow imp. Your claw misses the shadow imp.
You mangle the shadow imp!!
You kill the shadow imp!
The hornet stings you but does no damage.
The leopard gecko bites you. The hornet stings you.
You feel yourself slow down.
You climb upwards.
You feel yourself speed up.
There is a stone staircase leading down here.
You take 4 damage, and have 75/80 hp.
You closely miss the hornet. You claw the hornet, but do no damage.
The hornet stings you!
The leopard gecko completely misses you.
You closely miss the hornet.
The hornet stings you but does no damage.
The leopard gecko misses you.
All of the chunks of flesh in your inventory have rotted away.
You scratch the hornet. The hornet stings you!
You suddenly lose the ability to move!
The leopard gecko bites you.
The hornet stings you but does no damage.
The leopard gecko bites you. The hornet stings you!
* * * LOW HITPOINT WARNING * * *
You feel yourself slow down. The hornet stings you!
* * * LOW HITPOINT WARNING * * *
You are poisoned.
The leopard gecko bites you but does no damage.
You can move again.
You take 50 damage, and have 25/80 hp.
MASSIVE DAMAGE!!
Unknown command.
Unknown command.
Unknown command.
Unknown command.
Unknown command.
Unknown command.
Unknown command.
Unknown command.
Unknown command.
Unknown command.
Unknown command.
Unknown command.
Unknown command.
Unknown command.
Unknown command.
Unknown command.
Unknown command.
Unknown command.
You feel better.
You feel yourself speed up. The hornet misses you.
The leopard gecko hisses menacingly.
The leopard gecko closely misses you. The hornet stings you.
* * * LOW HITPOINT WARNING * * *
You feel yourself slow down.
The leopard gecko bites you but does no damage.
You regained 3 hp, and now have 28/80 hp.
You claw the leopard gecko!
You kill the leopard gecko!
The hornet closely misses you. The hornet stings you!
* * * LOW HITPOINT WARNING * * *
You feel as though you will be slow longer.
You take 15 damage, and have 13/80 hp.
Okay, then.
Unknown command.
You feel much better. The hornet closely misses you.
The hornet barely misses you.
You regained 30 hp, and now have 43/80 hp.
You barely miss the hornet. The hornet stings you!
* * * LOW HITPOINT WARNING * * *
The hornet stings you!
* * * LOW HITPOINT WARNING * * *
You take 26 damage, and have 17/80 hp.
MASSIVE DAMAGE!!
You feel much better. The hornet completely misses you. The hornet stings you!
* * * LOW HITPOINT WARNING * * *
The hornet stings you!
* * * LOW HITPOINT WARNING * * *
You take 4 damage, and have 13/80 hp.
As you read the scroll labeled GOIGA UPNEOS, it crumbles to dust.
You feel strangely unstable.
It was a scroll of teleportation.
t - a scroll of teleportation;
s - a scroll labeled WETIRA JONAHUT You feel yourself speed up.
The hornet stings you.
* * * LOW HITPOINT WARNING * * *
The hornet barely misses you.
You take 2 damage, and have 11/80 hp.
Okay, then.
You see here a leopard gecko corpse.
The hornet stings you!
You die...

....#...................#####
....#......)................#
..#.#.....[.............###.#
..._.....................##.#
..#.#.....[..............##.#
.........................##.#####
......................##.##...^..
.................#....##'#######.
................@.........######.
...............y...............#.
..............>#..........####.#.
..........##...#............##.#.
..........##...#..........#.##...
..........##...#.##########)#####
..##'#######...#.# #).)... ..##.#
#...#.# ####### .[##.#
#####.##### #.....


You could see a hornet.

Notes
Turn   | Place    | Note
-------+----------+-------------------------------------------
     0 | D:1      | theanonym the Troll Monk began the quest for the Orb.
     0 | D:1      | Reached XP level 1. HP: 22/22 MP: 0/0
    85 | D:1      | Reached XP level 2. HP: 28/29 MP: 1/1
   388 | D:2      | Reached skill level 4 in Unarmed Combat
   486 | D:2      | Reached XP level 3. HP: 19/36 MP: 2/2
   633 | D:2      | Found a blossoming altar of Fedhas.
   655 | D:2      | Noticed an oklob plant
  1083 | D:2      | Noticed Sigmund
  1091 | D:2      | Killed Sigmund
  1091 | D:2      | Reached skill level 6 in Unarmed Combat
  1091 | D:2      | Reached XP level 4. HP: 31/44 MP: 3/3
  1091 | D:2      | Reached XP level 5. HP: 35/50 MP: 4/4
  1508 | D:3      | Reached XP level 6. HP: 59/59 MP: 5/5
  1511 | D:3      | Reached skill level 7 in Unarmed Combat
  1622 | D:3      | Found a snail-covered altar of Cheibriados.
  1745 | D:4      | Reached skill level 8 in Unarmed Combat
  1748 | D:4      | Reached XP level 7. HP: 46/66 MP: 6/6
  1833 | D:4      | Noticed Grinder
  1849 | D:4      | Killed Grinder
  1849 | D:4      | Reached skill level 9 in Unarmed Combat
  1995 | D:4      | Found Panajuz's General Store.
  2005 | D:4      | Bought a potion of heal wounds for 65 gold pieces
  2206 | D:4      | Found a hide-covered altar of Uskayaw.
  2380 | D:4      | Found a bloodstained altar of Trog.
  2663 | D:5      | Entered Level 5 of the Dungeon
  2777 | D:5      | Found an ornate altar of the Wu Jian Council.
  2869 | D:5      | Reached XP level 8. HP: 74/74 MP: 7/7
  2889 | D:5      | Found a staircase to the Ecumenical Temple.
  2928 | Temple   | Entered the Ecumenical Temple
  3128 | D:5      | Noticed Ijyb
  3131 | D:5      | Killed Ijyb
  3487 | D:6      | Reached skill level 10 in Unarmed Combat
  3561 | D:6      | Noticed a hippogriff
  3590 | D:6      | Killed a hippogriff
  3662 | D:6      | Found a bloodstained altar of Trog.
  3672 | D:6      | Found Povvy's Distillery.
  3678 | D:6      | Reached skill level 11 in Unarmed Combat
  3693 | D:6      | Bought a potion of might for 52 gold pieces
  3693 | D:6      | Bought a potion of heal wounds for 65 gold pieces
  3863 | D:6      | Noticed Dowan
  3876 | D:5      | HP: 37/74 [black bear (9)]
  4325 | D:6      | Noticed Prince Ribbit
  4357 | D:6      | HP: 36/74 [bullfrog (6)]
  4361 | D:6      | Killed Prince Ribbit
  4361 | D:6      | Reached XP level 9. HP: 35/80 MP: 8/8
  4365 | D:6      | Reached skill level 12 in Unarmed Combat
  4556 | D:6      | HP: 30/80 [orc warrior/rapier (17)]
  4593 | D:6      | Noticed Duvessa
  4604 | D:6      | Killed Duvessa
  4607 | D:6      | Killed Dowan
  4673 | D:6      | Noticed Blork the orc
  4682 | D:6      | Killed Blork the orc
  4856 | D:6      | Reached skill level 13 in Unarmed Combat
  4912 | D:6      | Paralysed by a hornet for 2 turns
  4913 | D:6      | HP: 33/80 [hornet (16)]
  4916 | D:6      | HP: 13/80 [hornet (15)]
  4922 | D:6      | Slain by a hornet

Vanquished Creatures
  Grinder (D:4)
  2 hippogriffs (D:6)
  Prince Ribbit (D:6)
  Sigmund (D:2)
  Duvessa (D:6)
  An orc warrior (D:6)
  A phantom (D:6)
  A black bear (D:5)
  A centaur (D:6)
  Blork the orc (D:6)
  4 bullfrogs (D:6)
  Dowan (D:6)
  A water moccasin skeleton (D:4)
  A scorpion (D:5)
  8 wights
  A howler monkey (D:4)
  3 crimson imps
  A jelly (D:5)
  2 hounds
  4 orc wizards (D:6)
  Ijyb (D:5)
  4 worker ants
  2 hound skeletons (D:6)
  10 adders
  3 shadow imps
  An adder skeleton (D:5)
  3 worms
  4 dart slugs
  2 leopard geckos
  19 orcs
  A ball python (D:2)
  7 bats
  7 giant cockroaches
  5 hobgoblins
  2 quokkas
  3 frilled lizards
  4 goblins
  5 kobolds
  A quokka skeleton (D:6)
  18 rats
139 creatures vanquished.
